 Dungeon Crawl Stone Soup version 0.27.1-33-g824d729ab1 (webtiles) character file.

Game seed: 264585145667355584

39 zeram the Shield-Bearer (level 3, -3/29 HPs)
             Began as a Merfolk Fighter on Dec 13, 2021.
             Slain by Terence (7 damage)
             ... on level 1 of the Dungeon.
             The game lasted 00:01:39 (1468 turns).

zeram the Shield-Bearer (Merfolk Fighter)           Turns: 1468, Time: 00:01:39

Health: -3/29      AC:  6    Str: 16    XL:     3   Next: 45%
Magic:  3/3        EV:  7    Int:  8    God:
Gold:   56         SH:  9    Dex: 13    Spells: 2/2 levels left

rFire    . . .     SeeInvis .   a - +0 trident
rCold    . . .     Faith    .   c - +0 kite shield
rNeg     . . .     Spirit   .   b - +0 scale mail
rPois    .         Reflect  .   (no helmet)
rElec    .         Harm     .   (no cloak)
rCorr    .         Rampage  .   (no gloves)
Will     .....                  (no boots)
Stlth    ..........             (no amulet)
HPRegen  0.09/turn              (no ring)
MPRegen  0.08/turn              (no ring)

@: mighty
A: (nimble swimmer 2), mertail
a: no special abilities


You were on level 1 of the Dungeon.
You visited 1 branch of the dungeon, and saw 2 of its levels.

You collected 56 gold pieces.

Inventory:

Hand Weapons
 a - a +0 trident (weapon)
Armour
 b - a +0 scale mail (worn)
 c - a +0 kite shield (worn)
Scrolls
 e - a scroll of fog {unknown}
 g - a scroll of fear {unknown}
 h - 3 scrolls of enchant armour {unknown}
Potions
 f - a potion of magic {unknown}


   Skills:
 - Level 3.2 Fighting
 - Level 3.0 Polearms
 - Level 2.1 Armour
 + Level 4.4 Shields


You had 2 spell levels left.
You didn't know any spells.
Your spell library contained the following spells:

 Spells                   Type           Power      Damage    Failure   Level
 Sandblast                Erth           0%         2d4       99%         1
 Passwall                 Tmut/Erth      0%         N/A       100%        2
 Alistair's Intoxication  Tmut/Pois      0%         N/A       100%        5
 Borgnjor's Vile Clutch   Necr/Erth      0%         N/A       100%        5
 Lee's Rapid Deconstruct  Erth           0%         3d5*      100%        5
 Eringya's Noxious Bog    Tmut/Pois      0%         N/A       100%        6


Dungeon Overview and Level Annotations

Branches:
Dungeon (2/15)

Altars:

Annotations:
D:1 Terence


Innate Abilities, Weirdness & Mutations

((You are quick and stealthy near water. (Stealth+, EV+, Speed+++)))
Your lower body shifts to a powerful aquatic tail in water.


Message History

You hit Terence but do no damage. Terence hits you with a +0 hand axe.
You hit Terence but do no damage. Terence barely misses you.
Terence hits you with a +0 hand axe!
You closely miss Terence. You block Terence's attack.
You barely miss Terence. You block Terence's attack.
You hit Terence but do no damage. Terence hits you with a +0 hand axe.
You block Terence's attack.
You are too injured to fight recklessly!
You are too injured to fight recklessly!
You are too injured to fight recklessly!
You are too injured to fight recklessly!
You are too injured to fight recklessly!
You are too injured to fight recklessly!
You are too injured to fight recklessly!
You barely miss Terence. Terence hits you with a +0 hand axe.
* * * LOW HITPOINT WARNING * * *
There is an escape hatch in the floor here.
You block Terence's attack. Terence screams, "I want your blood!"
Terence shouts, "DIE!!!"
Terence says, "You're history."
You see here a +4 dagger.
You feel very mighty all of a sudden.
Terence says, "Rest in peace."
Terence hits you with a +0 hand axe.
You puncture Terence!
Terence is heavily wounded.
Terence hits you but does no damage. You block Terence's attack.
You completely miss Terence.
Terence is heavily wounded.
You block Terence's attack.
You closely miss Terence.
Terence is heavily wounded.
You block Terence's attack.
You closely miss Terence.
Terence is heavily wounded.
Terence hits you with a +0 hand axe.
* * * LOW HITPOINT WARNING * * *
Terence hits you with a +0 hand axe!
You die...

########## #.........
#.#######.
####.........
#####.......####.
#.....^^.........
######)###.^_....####.
#...@@......^....# #.
#.####.###.......####.
##### #.#
#.###.........##.
#...###.#
#................
#.......#
########.####.##.
#...##### #.# #.##.
##.## #.# #.##.
###)###### #.####.##.
#........# #.........


You could see Terence.

Vanquished Creatures
  A gnoll (D:1)
  An adder (D:1)
  A worm (D:1)
  A dart slug (D:1)
  2 endoplasms (D:1)
  4 hobgoblins (D:1)
  A ball python (D:1)
  2 bats (D:1)
  2 goblins (D:1)
  A kobold (D:1)
  A rat (D:1)
17 creatures vanquished.

Notes
Turn   | Place    | Note
-------+----------+-------------------------------------------
     0 | D:1      | zeram the Merfolk Fighter began the quest for the Orb.
     0 | D:1      | Reached XP level 1. HP: 18/18 MP: 1/1
   311 | D:1      | Found a faded altar of an unknown god.
   324 | D:1      | Reached XP level 2. HP: 24/24 MP: 2/2
   868 | D:2      | Noticed Terence
   882 | D:1      | Reached skill level 4 in Shields
   882 | D:1      | Reached XP level 3. HP: 14/29 MP: 3/3
  1468 | D:1      | Slain by Terence

Illustrated notes

Levels and vault maps discovered:
D:1:      ncdulo_smallfort, layout_loops_ring, ebering_ecumenical_altar_webs
D:2:      layout_basic, basic_altar, chequers_serial_rivers_micro_c,
          uniq_terence

Skill      XL: |  1  2 |
---------------+-------+-----
Shields        | 4 |  4.4
Fighting       | |  3.2
Polearms       | |  3.0
Armour         | |  2.1

Action                   || total
-------------------------++-------
Melee: Trident           ||    78
  Use: Potion            ||     1
Armor: Scale mail        ||    23
Dodge: Dodged            ||    17
Block: Kite shield       ||    37
